 Dungeon Crawl Stone Soup version 0.30-a0-778-g2ef04afb54 (webtiles) character file.

Game seed: 7887597244730090791

33 Esekla the Sneak (level 3, 26/26 HPs)
             Began as an Octopode Delver on Feb 15, 2023.
             Quit the game on level 5 of the Dungeon.
             The game lasted 00:01:36 (244 turns).

Esekla the Sneak (Octopode Delver)                   Turns: 244, Time: 00:01:36

Health: 26/26      AC:  1    Str: 11    XL:     3   Next: 29%
Magic:  3/3        EV: 13    Int: 14    God:
Gold:   32         SH:  0    Dex: 13    Spells: 3/3 levels left

rFire   . . .      SeeInvis .    a - +0 falchion
rCold   . . .      Faith    .    (no shield)
rNeg    . . .      Spirit   .    (helmet restricted)
rPois   .          Reflect  .    (no amulet)
rElec   .          Harm     .    (no ring)
rCorr   .          Rampage  .    (no ring)
Will    .....                    (no ring)
Stlth   ++++                     (no ring)
HPRegen 0.24/turn                (no ring)
MPRegen 0.08/turn                (no ring)
                                 (no ring)
                                 (no ring)

@: no status effects
A: almost no armour, amphibious, 8 rings, camouflage 1, gelatinous body 1,
(nimble swimmer 1), tentacles
a: no special abilities


You were on level 5 of the Dungeon.
You visited 1 branch of the dungeon, and saw 1 of its levels.

You collected 32 gold pieces.

Inventory:

Hand Weapons
 a - a +0 falchion (weapon)
 c - a +0 dagger
Missiles
 h - 5 boomerangs (quivered)
Wands
 f - a wand of digging (3)
Scrolls
 b - a scroll of fog
 d - a scroll of fear
Potions
 e - 2 potions of haste
 g - a potion of curing {unknown}


   Skills:
 * Level 3.2 Fighting
 * Level 2.2 Long Blades
 * Level 2.2 Dodging
 + Level 7.2 Stealth
 * Level 0.6 Spellcasting


You had 3 spell levels left.
You didn't know any spells.
Your spell library contained the following spells:

 Spells                   Type           Power      Damage    Failure   Level
 Call Canine Familiar     Summ           0%         N/A       63%         3
 Portal Projectile        Hex/Tloc       0%         N/A       63%         3
 Leda's Liquefaction      Hex/Erth       0%         N/A       95%         4


Dungeon Overview and Level Annotations

Branches:
Dungeon (5/15)
 Temple: D:4-7

Altars:

Shops:
D:5 [


Innate Abilities, Weirdness & Mutations

You cannot wear most types of armour.
You are amphibious.
You can wear up to eight rings at the same time.
Your skin changes colour to match your surroundings (Stealth+).
Your rubbery body absorbs attacks. (AC +1, EV +1)
((You are camouflaged when in or above water. (Stealth+)))
You have tentacles for arms and can constrict up to eight enemies at once.


Message History

You barely miss the hound. You grab the hound.
The hound is moderately wounded.
You constrict the hound, but do no damage.
The hound misses you. The hound bites you.
You hit the hound. You squeeze the hound.
You kill the hound!
Your Stealth skill increases to level 7!
You have reached level 2!
You have reached level 3!
Your experience leads to an increase in your attributes!
Increase (S)trength, (I)ntelligence, or (D)exterity?
You feel clever. x2
You start resting.
HP restored.
The helpless quokka fails to defend itself.
You hit the quokka. You grab the quokka.
The quokka is heavily wounded.
You constrict the quokka, but do no damage.
The quokka bites you.
You hit the quokka.
You kill the quokka!
Found an escape hatch in the ceiling.
You start resting.
HP restored.
There is an escape hatch in the ceiling here.
Found a dagger.
Found 5 boomerangs.
You see here a +0 dagger.
c - a +0 dagger You see here 5 boomerangs.
h - 5 boomerangs
Found a potion of haste.
Found a hand axe.
Found a stone staircase leading up.
e - 2 potions of haste (gained 1)
You open the door.
Found Naycik's Armour Boutique.
There is an open door here.
There is an entrance to Naycik's Armour Boutique here.
There is an open door here.
Are you sure you want to abandon this character and quit the game? (Confirm with "yes".)

#.### ########..#.
****##..######......#....
***,,,*##........#####...#.
***......*##..###### #...#.
*,.......###.## ##...##
**....)<..##.# #....'∩ ***
*#.......##.# #..#### ,,**
*#.......#.# #.####. ,,,**
*#......#@# ##* #.. ,,,,**
*#.....#.## ##.. ,,,,,**
*#.......# ##... ,,,,,,**
##......# #########.... ,,,,,,,*
###....###.....##....# ,,,,,,,**
##...##............# ,,,,,,>,**
**#...................
,,,,,,,,,**#...###...............
,,,,,,,,,*#...#*##...............


There were no monsters in sight!

Vanquished Creatures
  A hound (D:5)
  A quokka (D:5)
2 creatures vanquished.

Notes
Turn   | Place    | Note
-------+----------+-------------------------------------------
     0 | D:5      | Esekla the Octopode Delver began the quest for the Orb.
     0 | D:5      | Reached XP level 1. HP: 16/16 MP: 1/1
    25 | D:5      | Noticed a hound
    58 | D:5      | Noticed a hound
    72 | D:5      | Killed a hound
    73 | D:5      | Reached skill level 7 in Stealth
    73 | D:5      | Reached XP level 2. HP: 9/21 MP: 2/2
    73 | D:5      | Reached XP level 3. HP: 11/26 MP: 3/3
   216 | D:5      | Found Naycik's Armour Boutique.
   244 | D:5      | Quit the game

Illustrated notes

Levels and vault maps discovered:
D:5:      layout_cave_pods, serial_shops, kennysheep_mini, grunt_decor_junction,
          small_statue_alley_b

Skill      XL: |  1 |
---------------+----+-----
Stealth        | 7 |  7.2
Fighting       | |  3.2
Long Blades    | |  2.2
Dodging        | |  2.2
Spellcasting   | |  0.6

Action                     || total
---------------------------++-------
  Melee: Falchion          ||     6
         Constrict         ||     2
         Tentacles         ||     1
    Use: Scroll            ||     1
   Stab: Sleeping          ||     1
  Dodge: Dodged            ||     3

Table legend: (Time is in decaauts)
 A = Elapsed time spent in this place.
 B = Non-inter-level travel time spent in this place.
 C = Inter-level travel time spent in this place.
 D = Time resting spent in this place.
 E = Time spent auto-exploring this place.
 F = Levels seen in this place.
 G = Mean time per level.
                   A        B        C        D        E       F      G
               +--------+--------+--------+--------+--------+-----+--------+
         Total |    245 |    245 |      0 |     66 |     13 |   1 |  245.0 |
       Dungeon |    245 |    245 |      0 |     66 |     13 |   1 |  245.0 |
               +--------+--------+--------+--------+--------+-----+--------+

Top non-repeatable levels by time:
     D:5: 245 daAuts
